 Dungeon Crawl Stone Soup version 0.31.0-11-ge490571c62 (webtiles) character file.

Game seed: 2580863952729261770

4149 ezpacito the Cleaver (level 10, -2/76 HPs)
             Began as a Demonspawn Berserker on Jan 30, 2024.
             Was a Priest of Trog.
             Succumbed to a skeletal warrior's poison
             ... on level 8 of the Dungeon.
             The game lasted 00:09:17 (7239 turns).

ezpacito the Cleaver (Demonspawn Berserker)         Turns: 7239, Time: 00:09:18

Health: -2/76      AC: 15    Str: 20    XL:     10   Next: 7%
Magic:  2/10       EV:  8    Int:  7    God:    Trog [***...]
Gold:   360        SH:  0    Dex: 21    Spells: 9/9 levels left

rFire   . . .        S - +3 war axe
rCold   . . .        (no shield)
rNeg    . . .        O - +0 plate armour
rPois   .            (no helmet)
rElec   .            (no cloak)
rCorr   .            (no gloves)
SInv    +            R - +0 pair of boots
Will    .....        r - amulet of the acrobat Stlth
                     p - +6 ring of dexterity
HPRegen 0.32/turn    q - ring of see invisible
MPRegen 0.24/turn

%: acrobat, guardian spirit
@: lethally poisoned (-2 -> -32), on berserk cooldown, slowed, very slow
A: molten scales 1, foul stench 1, magic shield, magic regeneration, demonic
touch 1
a: Renounce Religion, Berserk, Trog's Hand


You were on level 8 of the Dungeon.
You worshipped Trog.
Trog was most pleased with you.
You visited 2 branches of the dungeon, and saw 9 of its levels.

You collected 504 gold pieces.
You spent 144 gold pieces at shops.

Inventory:

Hand Weapons
 a - a +4 hand axe of freezing
 n - a +1 dagger of venom
 z - a +0 hand axe of freezing
 M - a +0 orcbow
 S - a +3 war axe (weapon)
Missiles
 k - 76 stones (quivered)
 u - 26 poisoned darts
 K - 2 javelins
 P - 2 curare-tipped darts
Armour
 O - a +0 plate armour (worn)
 R - a +0 pair of boots (worn)
Jewellery
 p - a +6 ring of dexterity (left hand)
 q - a ring of see invisible (right hand)
 r - an amulet of the acrobat (around neck)
Wands
 i - a wand of flame (5)
 L - a wand of light (25)
 N - a wand of roots (19)
Scrolls
 c - a scroll of noise
 e - 3 scrolls of fear
 j - 7 scrolls of teleportation
 l - 2 scrolls of enchant armour
 m - a scroll of amnesia {unknown}
 s - a scroll of revelation {unknown}
 v - 2 scrolls of enchant weapon
 y - a scroll of brand weapon {unknown}
 B - 2 scrolls of acquirement
 C - 2 scrolls of poison
 G - a scroll of fog {unknown}
 H - a scroll of immolation {unknown}
 I - 2 scrolls of vulnerability {unknown}
 Q - 2 scrolls of blinking {unknown}
Potions
 b - 3 potions of heal wounds {unknown}
 d - 2 potions of ambrosia {unknown}
 f - 2 potions of lignification {unknown}
 g - a potion of haste
 h - a potion of resistance {unknown}
 o - 4 potions of curing {unknown}
 t - a potion of mutation {unknown}
 w - a potion of magic {unknown}
 x - a potion of attraction {unknown}
 A - 2 potions of might {unknown}
 D - 2 potions of berserk rage {unknown}
 E - a potion of enlightenment {unknown}
 F - a potion of cancellation {unknown}
 J - 2 potions of degeneration {unknown}


   Skills:
 * Level 6.0 Fighting
 * Level 8.2 Axes
 * Level 0.9 Ranged Weapons
 * Level 5.8 Armour
 * Level 4.5 Dodging
 * Level 4.1 Stealth
 * Level 3.7 Unarmed Combat
 * Level 3.6 Evocations


You had 9 spell levels left.
You didn't know any spells.
Your spell library contained the following spells:

 Spells                   Type           Power      Damage    Failure   Level
 Foxfire                  Conj/Fire      0%         2x1d4     100%        1
 Blink                    Tloc           0%         N/A       100%        2
 Lesser Beckoning         Tloc           0%         N/A       100%        2
 Momentum Strike          Conj/Tloc      0%         3d8       100%        2
 Hailstorm                Conj/Ice       0%         3d5       100%        3
 Inner Flame              Hex/Fire       0%         N/A       100%        3
 Summon Ice Beast         Ice/Summ       0%         N/A       100%        3
 Irradiate                Conj/Alch      0%         3d11      100%        5
 Plasma Beam              Fire/Air       0%         2x1d10    100%        6
 Sculpt Simulacrum        Ice/Alch       0%         N/A       100%        6
 Starburst                Conj/Fire      0%         6d3       100%        6
 Ignition                 Fire           0%         3d3       100%        8


Dungeon Overview and Level Annotations

Branches:
Dungeon (8/15)             Temple (1/1) D:6            Lair (0/5) D:8

Altars:
Ashenzari
Cheibriados
Dithmenos
Fedhas
Gozag
Hepliaklqana
Kikubaaqudgha
Makhleb
Nemelex Xobeh
Okawaru
Qazlal
Ru
Sif Muna
Trog
Vehumet
Xom
Yredelemnul

Shops:
D:4 (


Innate Abilities, Weirdness & Mutations

You are partially covered in molten scales. (AC +2)
You may rarely emit foul miasma when damaged in melee.
When hurt, damage is shared between your health and your magic reserves.
You regenerate magic rapidly.
Your touch may inflict minor irresistible damage on your foes.


Message History

You kill the orc!
Trog accepts your kill.
Things that are here:
a +0 club; a beast talisman You hit the skeletal warrior.
Your touch misses the skeletal warrior.
The skeletal warrior is lightly damaged.
The skeletal warrior barely misses you.
You barely miss the skeletal warrior.
The skeletal warrior is lightly damaged.
The skeletal warrior hits you with a +0 glaive of venom!!
* * * LOW HITPOINT WARNING * * *
You are poisoned.
You hear a shout!
You slash the skeletal warrior!
The skeletal warrior is lightly damaged.
You feel sick.
You hear two shouts!
You hear an angry buzzing noise.
You hear a loud, deep croak!
You hear a croak.
You slash the skeletal warrior!
You touch the skeletal warrior!
The skeletal warrior is moderately damaged.
You feel sick.
You hear a shout! x2
The skeletal warrior hits you with a +0 glaive of venom!
* * * LOW HITPOINT WARNING * * *
You are lethally poisoned!
You emit a cloud of foul miasma!
You are too berserk!
You slash the skeletal warrior!
The skeletal warrior is heavily damaged.
* * * LOW HITPOINT WARNING * * *
You feel very sick.
The skeletal warrior hits you with a +0 glaive of venom.
* * * LOW HITPOINT WARNING * * *
You are more poisoned.
You hit the skeletal warrior.
You touch the skeletal warrior!
The skeletal warrior is severely damaged.
You are no longer berserk.
You are exhausted.
You feel yourself slow down.
You die...

#...#.#.. ###
#...#.#.#
##.####..'.#.#
#...#....#.#.#
##........#.†.#
###...##..#.###'###
.....<.##...##$##.#
.#......#...#....z#
.........#..+.##@#'#
##..........#=....#
......###.#.##.##.#
..........#.### ##
.⌠........#
......###.#
...........
##.......#
.#.###...#


You could see a skeletal warrior.

Vanquished Creatures
  A two-headed ogre (D:8)
  Grinder (D:4)
  Sigmund (D:2)
  A steam dragon (D:6)
  Edmund (D:4)
  2 water moccasins
  An ice beast (D:4)
  An orc warrior (D:8)
  3 sky beasts
  A black bear (D:6)
  3 centaurs
  2 ogres
  2 phantoms
  3 kobold brigands
  A bullfrog (D:7)
  2 scorpions (D:4)
  4 wights (D:7)
  An electric eel (D:6)
  3 bombardier beetles
  7 hounds
  A jelly (D:6)
  A gnoll bouda (D:4)
  3 orc priests
  Jessica (D:2)
  5 iguanas
  A sleepcap (D:7)
  An orc wizard (D:8)
  11 adders
  8 gnolls
  A shadow imp (D:4)
  2 white imps
  4 ufetubi
  2 dart slugs
  A ribbon worm (D:5)
  14 orcs
  5 endoplasms
  5 goblins
  7 hobgoblins
  21 kobolds
  5 quokkas
  9 ball pythons
  5 bats
  A frilled lizard (D:2)
  6 rats
161 creatures vanquished.

Notes
Turn   | Place    | Note
-------+----------+-------------------------------------------
     0 | D:1      | ezpacito the Demonspawn Berserker began the quest for the
                  | Orb.
     0 | D:1      | Reached XP level 1. HP: 18/18 MP: 1/1
   306 | D:1      | Gained mutation: You are partially covered in molten
                  | scales. (AC +2) [demonic ancestry]
   306 | D:1      | Reached XP level 2. HP: 11/24 MP: 2/2
   989 | D:2      | Reached skill level 3 in Axes
  1043 | D:2      | Gained mutation: You regenerate magic rapidly. [demonic
                  | ancestry]
  1043 | D:2      | Reached XP level 3. HP: 19/29 MP: 3/3
  1203 | D:2      | Noticed Jessica
  1213 | D:2      | Killed Jessica
  1329 | D:2      | Noticed Sigmund
  1345 | D:2      | Killed Sigmund
  1346 | D:2      | Reached skill level 4 in Axes
  1346 | D:2      | Reached skill level 1 in Stealth
  1346 | D:2      | Reached skill level 1 in Unarmed Combat
  1346 | D:2      | Reached XP level 4. HP: 37/37 MP: 4/4
  1346 | D:2      | Gained mutation: Your touch may inflict minor irresistible
                  | damage on your foes. [demonic ancestry]
  1346 | D:2      | Reached XP level 5. HP: 42/42 MP: 5/5
  2032 | D:3      | Reached XP level 6. HP: 36/48 MP: 6/6
  2324 | D:3      | Reached ** piety under Trog
  2414 | D:3      | Found a hazy altar of Hepliaklqana.
  2556 | D:3      | Found a faded altar of an unknown god.
  2926 | D:3      | Found a sparkling altar of Nemelex Xobeh.
  3160 | D:4      | Noticed Grinder
  3170 | D:4      | Reached skill level 5 in Axes
  3170 | D:4      | Reached XP level 7. HP: 54/54 MP: 7/7
  3171 | D:4      | Found Hiom's Antique Weapon Shoppe.
  3177 | D:4      | Paralysed by Grinder for 5 turns
  3184 | D:4      | Killed Grinder
  3185 | D:4      | Reached skill level 1 in Evocations
  3242 | D:4      | Bought a runed hand axe for 144 gold pieces
  3610 | D:4      | Gained mutation: When hurt, damage is shared between your
                  | health and your magic reserves. [demonic ancestry]
  3610 | D:4      | Reached XP level 8. HP: 61/61 MP: 8/8
  3792 | D:4      | Noticed Edmund
  3801 | D:4      | Killed Edmund
  3802 | D:4      | Reached skill level 6 in Axes
  4293 | D:5      | Entered Level 5 of the Dungeon
  4418 | D:5      | Reached *** piety under Trog
  4425 | D:5      | Reached skill level 5 in Fighting
  4992 | D:6      | Gained mutation: You may rarely emit foul miasma when
                  | damaged in melee. [demonic ancestry]
  4992 | D:6      | Reached XP level 9. HP: 68/68 MP: 9/9
  5156 | D:6      | Reached skill level 7 in Axes
  5220 | D:6      | Found a staircase to the Ecumenical Temple.
  5881 | Temple   | Entered the Ecumenical Temple
  5978 | D:7      | Reached skill level 5 in Armour
  6363 | D:7      | Identified 2 scrolls of acquirement
  7124 | D:8      | Found a staircase to the Lair.
  7152 | D:8      | Found a sacrificial altar of Ru.
  7192 | D:8      | Reached skill level 8 in Axes
  7221 | D:8      | Noticed a two-headed ogre
  7229 | D:8      | Killed a two-headed ogre
  7230 | D:8      | Reached XP level 10. HP: 40/76 MP: 4/10
  7231 | D:8      | Noticed a skeletal warrior
  7238 | D:8      | HP: 5/114 [skeletal warrior/+0 glaive of venom (1)]
  7239 | D:8      | Succumbed to a skeletal warrior's poison

Illustrated notes

Levels and vault maps discovered:
D:1:      elethiomel_arrival_shortcut, layout_loops_ring
D:2:      layout_loops_ring, uniq_jessica, uniq_sigmund
D:3:      layout_loops_ring, nemelex_diamond_rough_becter,
          mainiacjoe_overflow_divided_tiny, chequers_ecumenical_altar_simple
D:4:      layout_basic, serial_shops,
          nicolae_shop_temple_entry_statues_fountains, nicolae_zig_zag_zippers,
          uniq_edmund, uniq_grinder
D:5:      layout_rooms, chequers_garden
D:6:      wad_woods_pond, layout_cave_pods, minmay_temple_entry_slanted
D:7:      layout_basic, kb_lookout_dungeons_type, minivault_14
D:8:      minmay_the_grid_square_5x5_3x3
          [minmay_the_grid_square_5x5_intrusive_squares,
          minmay_the_grid_square_5x5_pentomino_r,
          minmay_the_grid_square_5x5_three_small,
          minmay_the_grid_square_5x5_misaligned,
          minmay_the_grid_square_5x5_megaprize_checkered,
          minmay_the_grid_square_5x5_minivault, minmay_the_grid_square_5x5_two,
          minmay_the_grid_square_5x5_bracketed,
          minmay_the_grid_square_5x5_inset], layout_cave_pools,
          mainiacjoe_overflow_chevrons, serial_column_ruins,
          column_ruins_hut_pillars, column_ruins_hut_water,
          column_ruins_open_small_water, column_ruins_grid_1,
          column_ruins_grid_1, column_ruins_grid_1,
          column_ruins_corridor_dead_end, column_ruins_corridor_straight,
          column_ruins_open_small, hangedman_decor_riveting,
          dreamdust_wishing_well, nicolae_transporter_intersection
Temple:   regret_index_temple_sphere_string

Skill      XL: |  1  2  3  4  5  6  7  8  9 |
---------------+----------------------------+-----
Axes           | 3 4 5 6 8 |  8.2
Dodging        | 2 3 4 |  4.5
Armour         | 2 3 4 5 |  5.8
Stealth        | 1 2 3 4 |  4.1
Unarmed Combat | 1 2 3 |  3.7
Fighting       | 4 5 6 |  6.0
Evocations     | 1 2 3 |  3.6
Ranged Weapons | |  0.9

Action                     |  1- 3 |  4- 6 |  7- 9 | 10-12 || total
---------------------------+-------+-------+-------+-------++-------
  Melee: Hand axe          |   107 |    98 |   215 |       ||   420
         Punch             |     1 |     2 |     8 |       ||    11
         Touch             |       |    18 |    71 |     2 ||    91
         War axe           |       |       |    77 |     7 ||    84
 Invoke: Berserk           |     2 |     2 |     9 |       ||    13
    Use: Potion            |       |     1 |     1 |       ||     2
         Scroll            |       |     4 |     3 |       ||     7
   Stab: Sleeping          |     1 |     1 |     2 |       ||     4
 Armour: Animal skin       |    36 |       |       |       ||    36
         Leather armour    |    14 |    30 |       |       ||    44
         Ring mail         |       |    11 |    37 |       ||    48
         Chain mail        |       |       |    78 |       ||    78
         Plate armour      |       |       |   114 |     3 ||   117
  Dodge: Dodged            |    78 |    64 |   198 |     2 ||   342
